 Dungeon Crawl Stone Soup version 0.19.1-1-g22dce08 (webtiles) character file.

48 OrDronus the Magician (level 3, -1/19 HPs)
             Began as a Deep Elf Ice Elementalist on Jan 11, 2017.
             Slain by a gnoll
             ... wielding a +0 antimagic flail
              (13 damage)
             ... on level 2 of the Dungeon on Jan 12, 2017.
             The game lasted 00:06:22 (1357 turns).

OrDronus the Magician (Deep Elf Ice Elementalist)   Turns: 1357, Time: 00:06:23

Health: -1/19      AC:  2    Str:  5    XL:     3   Next: 50%
Magic:  0/10       EV: 13    Int: 20    God:
Gold:   40         SH:  0    Dex: 15    Spells: 2 memorised, 7 levels left

rFire  . . .     SeeInvis .     (no weapon)
rCold  . . .     Gourm    .     a - +0 robe
rNeg   . . .     Faith    .     (no shield)
rPois  .         Spirit   .     (no helmet)
rElec  .         Reflect  .     (no cloak)
rCorr  .         Harm     .     (no gloves)
MR     .....                    (no boots)
Stlth  ++........               (no amulet)
                                (no ring)
                                (no ring)

@: very slightly contaminated
A: no striking features
a: no special abilities


You were on level 2 of the Dungeon.
You were hungry.

You visited 1 branch of the dungeon, and saw 2 of its levels.

You collected 40 gold pieces.

Inventory:

Armour
 a - a +0 robe (worn)
Jewellery
 d - an uncursed amulet of regeneration {unknown}
 e - an uncursed ring of resist corrosion {unknown}
 k - a +5 ring of intelligence {unknown}
Scrolls
 f - a scroll of blinking {unknown}
Potions
 g - a potion of degeneration {unknown}
 h - 2 potions of haste {unknown}
 i - a potion of curing {unknown}
 l - a potion of magic {unknown}
 m - a potion of lignification {unknown}
Books
 b - a book of Frost

   Spells                             Type                      Level
   a - Freeze                         Ice                          1
   b - Throw Frost                    Conjuration/Ice              2
   c - Ozocubu's Armour               Charms/Ice                   3
   d - Throw Icicle                   Conjuration/Ice              4
   e - Summon Ice Beast               Ice/Summoning                4
Comestibles
 c - a bread ration
 j - 2 chunks of flesh


   Skills:
 * Level 2.7 Dodging
 + Level 2.7 Stealth
 + Level 4.1 Spellcasting
 + Level 1.1 Conjurations
 + Level 4.1 Ice Magic


You had 7 spell levels left.
You knew the following spells:

 Your Spells              Type           Power        Failure   Level  Hunger
a - Freeze                Ice            ###.         2%          1    None
b - Throw Frost           Conj/Ice       ##....       10%         2    #......


Dungeon Overview and Level Annotations

Branches:
Dungeon (2/15)

Altars:


Message History

Nothing appears to happen.
The gnoll hits you but does no damage.
Casting: Freeze
Confirm with . or Enter, or press ? or * to list all spells.
Aiming: Freeze
Press: ? - help, Shift-Dir - straight line, f/p - gnoll
Aim: a gnoll, wielding an antimagic flail (heavily wounded)
You freeze the gnoll.
The gnoll is severely wounded.
The gnoll misses you.
Found 2 fuming white potions.
Casting: Freeze
Confirm with . or Enter, or press ? or * to list all spells.
Aiming: Freeze
Press: ? - help, Shift-Dir - straight line, f/p - gnoll
Aim: a gnoll, wielding an antimagic flail (severely wounded)
You freeze the gnoll.
The gnoll is almost dead.
The gnoll hits you with an antimagic flail!
Ouch! That really hurt!
You die...

.........##.#...#
.....#.##.#...#
...#.##.#...#
########.#........######.
...........##.#..........
.........#.##.#...###### #
.#.#####.#.##.#.......#
.#### .###
#......#...###.##...... )#
###.##...@g.......#
.#######.#.##.#.......##%#
.........#.##.###.##.....#
########.#............##!#
#.......####.##.#.#..# #
####.##.#.##.##.#.#...
#....#.......#.#....
#..#.#.##.####.#####.
#..#.#.##.####.###.#


You could see a gnoll.

Vanquished Creatures
  2 gnolls
  An adder (D:2)
  A worm (D:2)
  A giant cockroach (D:1)
  5 hobgoblins (D:1)
  2 jackals (D:2)
  2 kobolds (D:2)
  A goblin (D:2)
  2 rats
17 creatures vanquished.

Notes
Turn   | Place    | Note
-------+----------+-------------------------------------------
     0 | D:1      | OrDronus the Deep Elf Ice Elementalist began the quest for the Orb.
     0 | D:1      | Reached XP level 1. HP: 10/10 MP: 6/6
   605 | D:1      | Reached XP level 2. HP: 13/15 MP: 4/8
   926 | D:2      | Learned a level 2 spell: Throw Frost
  1108 | D:2      | Reached XP level 3. HP: 19/19 MP: 2/10
  1357 | D:2      | Slain by a gnoll

Skill      XL: |  1  2  3 |
---------------+----------+-----
Ice Magic      | 4 |  4.1
Spellcasting   | 4 |  4.1
Dodging        | |  2.7
Stealth        | |  2.7
Conjurations   | |  1.1

Action                   || total
-------------------------++-------
 Cast: Freeze            ||    23
       Throw Frost       ||    14
  Eat: Chunk             ||     1
Dodge: Dodged            ||     6
